 Dungeon Crawl Stone Soup version 0.27-a0-362-g8331d791d5 (webtiles) character file.

Game seed: 12978857065615995147

9 Chiseanne the Skirmisher (level 2, 23/25 HPs)
             Began as a Demonspawn Wanderer on Feb 16, 2021.
             Quit the game on level 2 of the Dungeon.
             The game lasted 00:01:03 (506 turns).

Chiseanne the Skirmisher (Demonspawn Wanderer)       Turns: 506, Time: 00:01:04

Health: 23/25      AC:  6    Str: 13    XL:     2   Next: 3%
Magic:  2/2        EV: 12    Int: 11    God:
Gold:   79         SH:  0    Dex: 13    Spells: 1/1 levels left

rFire    . . .     SeeInvis .   a - +0 falchion
rCold    . . .     Faith    .   (no shield)
rNeg     . . .     Spirit   .   b - +3 leather armour
rPois    .         Reflect  .   (helmet restricted)
rElec    .         Harm     .   (no cloak)
rCorr    .         Rampage  .   (no gloves)
Will     .....                  (no boots)
Stlth    +.........             (no amulet)
HPRegen  0.08/turn              (no ring)
MPRegen  0.08/turn              (no ring)

@: no status effects
A: antennae 1
a: no special abilities


You were on level 2 of the Dungeon.
You visited 1 branch of the dungeon, and saw 2 of its levels.

You collected 79 gold pieces.

Inventory:

Hand Weapons
 a - a +0 falchion (weapon)
Armour
 b - a +3 leather armour (worn)
Jewellery
 d - a ring of resist corrosion {unknown}
 g - a +4 ring of protection {unknown}
Scrolls
 c - 3 scrolls of teleportation
Potions
 f - a potion of might {unknown}
 h - a potion of mutation {unknown}


   Skills:
 * Level 4.2 Fighting
 * Level 3.0 Dodging
 - Level 1.7 Shields
 - Level 1.0 Unarmed Combat


You had one spell level left.
You didn't know any spells.
Your spell library was empty.

Dungeon Overview and Level Annotations

Branches:
Dungeon (2/15)

Altars:


Innate Abilities, Weirdness & Mutations

You have a pair of small antennae on your head.


Message History

It is a scroll of enchant armour.
Your +2 leather armour glows green for a moment.
As you read the scroll labelled SAH AFISOIRIF, it crumbles to dust.
You hear a loud clanging noise!
It was a scroll of noise.
You hear a shout! x2
d - a bone ring
There are no items here.
A rat comes into view.
Found 15 gold pieces.
The rat bites you but does no damage.
You hit the rat.
You kill the rat!
Your Dodging skill increases to level 3!
You see here a rat corpse.
Found 3 gold pieces.
You now have 56 gold pieces (gained 15).
You now have 59 gold pieces (gained 3).
You now have 74 gold pieces (gained 15).
You open the door.
There is an open door here.
Found a dagger.
You now have 79 gold pieces (gained 5).
A hobgoblin comes into view. It is wielding a +0 club.
The hobgoblin shouts!
You completely miss the hobgoblin. The hobgoblin hits you with a +0 club.
You barely miss the hobgoblin. The hobgoblin barely misses you.
You riposte.
You hit the hobgoblin.
The hobgoblin is severely wounded.
You hit the hobgoblin but do no damage.
The hobgoblin is severely wounded.
The hobgoblin misses you.
You barely miss the hobgoblin.
The hobgoblin is severely wounded.
The hobgoblin misses you.
You riposte.
You hit the hobgoblin.
You kill the hobgoblin!
You have reached level 2!
Your demonic ancestry asserts itself...
A pair of antennae grows on your head!
Are you sure you want to abandon this character and quit the game? (Confirm with "yes".)

##### #.... #.... #####
#..## #####...# #..#
##.......###########..#
#..#..#...............#
#.#..#..#############.#
#...#..@..............#
#..#..#).##############
#.#..#...#.###
##########...#....#...
.....<.)....#..#....##
...........#..#.....>#
#####.####...#....#..#
#.# #..#..#..#..# #.#
#.#..#...#..##


There were no monsters in sight!

Vanquished Creatures
  A dart slug (D:1)
  A bat (D:2)
  2 hobgoblins (D:2)
  A kobold (D:1)
  2 rats
7 creatures vanquished.

Notes
Turn   | Place    | Note
-------+----------+-------------------------------------------
     0 | D:1      | Chiseanne the Demonspawn Wanderer began the quest for the
                  | Orb.
     0 | D:1      | Chiseanne set off with the following items: a +0 falchion,
                  | a +2 leather armour, a scroll of teleportation
     0 | D:1      | Reached XP level 1. HP: 19/19 MP: 1/1
   328 | D:2      | Noticed a worker ant
   506 | D:2      | Gained mutation: You have a pair of small antennae on your
                  | head. [demonic ancestry]
   506 | D:2      | Reached XP level 2. HP: 23/25 MP: 2/2
   506 | D:2      | Quit the game

Illustrated notes

Levels and vault maps discovered:
D:1:      eino_arrival_druids_welcome, layout_basic
D:2:      layout_basic, minmay_misc_feat_diagonals

Skill      XL: |  1 |
---------------+----+-----
Dodging        | 3 |  3.0
Fighting       | |  4.2
Shields        | |  1.7
Unarmed Combat | |  1.0

Action                   || total
-------------------------++-------
Melee: Falchion          ||    17
  Use: Scroll            ||     2
Armor: Leather armour    ||     5
Dodge: Dodged            ||    10
       Rpst.: Falchion   ||     4

Table legend: (Time is in decaauts)
 A = Elapsed time spent in this place.
 B = Non-inter-level travel time spent in this place.
 C = Inter-level travel time spent in this place.
 D = Time resting spent in this place.
 E = Time spent auto-exploring this place.
 F = Levels seen in this place.
 G = Mean time per level.
                   A        B        C        D        E       F      G
               +--------+--------+--------+--------+--------+-----+--------+
         Total |    510 |    499 |     11 |      0 |    328 |   2 |  255.0 |
       Dungeon |    510 |    499 |     11 |      0 |    328 |   2 |  255.0 |
               +--------+--------+--------+--------+--------+-----+--------+

Top non-repeatable levels by time:
     D:1: 315 daAuts
     D:2: 195 daAuts
